 Dungeon Crawl Stone Soup version 0.31-a0-239-g0a1456f148 (webtiles) character file.

Game seed: 14386774464287852340

93 qw the Shooter (level 4, -3/36 HPs)
             Began as a Minotaur Hexslinger on July 11, 2023.
             Slain by a gnoll
             ... wielding a +0 halberd
              (5 damage)
             ... on level 3 of the Dungeon.
             The game lasted 00:00:37 (1751 turns).

qw the Shooter (Minotaur Hexslinger)                Turns: 1751, Time: 00:00:37

Health: -3/36      AC:  3    Str: 12    XL:     4   Next: 37%
Magic:  4/4        EV: 12    Int: 10    God:
Gold:   109        SH:  0    Dex: 15    Spells: 4/5 levels left

rFire   . . .        Y - +1 sling
rCold   . . .        (no shield)
rNeg    . . .        d - +0 leather armour
rPois   .            (helmet restricted)
rElec   .            (no cloak)
rCorr   .            (no gloves)
SInv    .            (no boots)
Will    .....        (no amulet)
Stlth   +            (no ring)
HPRegen 0.26/turn    (no ring)
MPRegen 0.09/turn

%: no passive effects
@: no status effects
A: horns 2, retaliatory headbutt
a: no special abilities


You were on level 3 of the Dungeon.
You visited 1 branch of the dungeon, and saw 3 of its levels.

You collected 109 gold pieces.


Innate Abilities, Weirdness & Mutations

You have a pair of horns on your head.
You reflexively headbutt those who attack you in melee.


   Skills:
 - Level 2.0 Fighting
 + Level 4.9 Ranged Weapons
 - Level 2.1 Dodging
 - Level 1.0 Spellcasting
 - Level 2.0 Hexes


You had 4 spell levels left.
You knew the following spells:

 Your Spells              Type           Power      Damage    Failure   Level
a - Slow                  Hex            16%        N/A       19%         1

Your spell library contained the following spells:

 Spells                   Type           Power      Damage    Failure   Level
 Inner Flame              Hex/Fire       2%         N/A       65%         3
 Portal Projectile        Hex/Tloc       4%         N/A       65%         3
 Cause Fear               Hex            2%         N/A       88%         4

Inventory:

Hand Weapons
 Y - a +1 sling (weapon)
Armour
 d - a +0 leather armour (worn)
 f - a +0 pair of gloves
Scrolls
 c - a scroll of teleportation {unknown}
Potions
 a - a potion of curing {unknown}
 b - a potion of ambrosia {unknown}
 e - a potion of attraction {unknown}
 h - a potion of haste {unknown}

Dungeon Overview and Level Annotations

Branches:
Dungeon (3/15)

Altars:

Shops:
D:1 (   D:3 (


Message History

Enter note:
Enter note:
Enter note:
Enter note: You shoot a sling bullet.
The sling bullet hits the gnoll.
The gnoll is moderately wounded.
The gnoll closely misses you.
You shoot a sling bullet.
The sling bullet hits the gnoll but does no damage.
The gnoll is moderately wounded.
The gnoll hits you with a +0 flail. The gnoll closely misses you.
You shoot a sling bullet. The sling bullet hits the gnoll.
The gnoll is lightly wounded.
The gnoll barely misses you. The gnoll hits you with a +0 whip.
You shoot a sling bullet.
The sling bullet hits the gnoll but does no damage.
The gnoll is lightly wounded.
The gnoll closely misses you. The gnoll hits you with a +0 whip.
You shoot a sling bullet.
The sling bullet hits the gnoll but does no damage.
The gnoll is lightly wounded.
The gnoll closely misses you. The gnoll hits you with a +0 whip.
You shoot a sling bullet. The sling bullet hits the gnoll.
The gnoll is moderately wounded.
The gnoll closely misses you. The gnoll hits you with a +0 whip.
The gnoll hits you from afar with a +0 halberd.
The gnoll hits you with a +0 whip.
You shoot a sling bullet. The sling bullet hits the gnoll.
The gnoll is moderately wounded.
The gnoll hits you from afar with a +0 halberd!
The gnoll misses you. You furiously retaliate!
You headbutt the gnoll. You shoot a sling bullet.
The sling bullet barely misses the gnoll.
The sling bullet hits the gnoll.
The gnoll is heavily wounded.
The gnoll hits you but does no damage. The gnoll barely misses you.
You shoot a sling bullet. The sling bullet hits the gnoll.
The gnoll is heavily wounded.
The gnoll hits you from afar with a +0 halberd.
You die... #.# #.# #.........# #.. +.........+ ... ......... ....... ..... gg.

#g# #####@###
##.......## ##...#'#...#
###...8#'#8..##
......###'###..#
####..++'\++'..#####. .#
#..###+###........
....###...8#'#8..#######
#........#'#...#


You could see 3 gnolls.

Vanquished Creatures
  Terence (D:2)
  An adder (D:3)
  A worm (D:3)
  A dart slug (D:1)
  2 orcs (D:3)
  2 endoplasms
  A giant cockroach (D:3)
  6 goblins (D:1)
  5 hobgoblins
  5 jackals (D:1)
  2 quokkas (D:3)
  5 ball pythons
  2 bats
  4 frilled lizards
  5 kobolds
  5 rats
48 creatures vanquished.

Notes
Turn   | Place    | Note
-------+----------+-------------------------------------------
     0 | D:1      | qw the Minotaur Hexslinger began the quest for the Orb.
     0 | D:1      | Reached XP level 1. HP: 16/16 MP: 1/1
     0 | D:1      | 0 ||| qw: Version: 0.3-a-52-g30416fa
     0 | D:1      | 0 ||| qw: Game counter: 5953
     0 | D:1      | 0 ||| qw: Melee chars always use a shield: true
     0 | D:1      | 0 ||| qw: God list: Okawaru
     0 | D:1      | 0 ||| qw: Allow faded altars: false
     0 | D:1      | 0 ||| qw: Do Orc after clearing Dungeon:15 true
     0 | D:1      | 0 ||| qw: Do second Lair branch before Depths: true
     0 | D:1      | 0 ||| qw: Lair rune preference: random
     0 | D:1      | 0 ||| qw: Goals: Normal
     0 | D:1      | 0 ||| PLANNING D:1-11
    67 | D:1      | Reached skill level 3 in Ranged Weapons
   180 | D:1      | Reached XP level 2. HP: 22/23 MP: 2/2
   327 | D:1      | Found Ruwixzez's Antique Weapon Emporium.
   625 | D:1      | Reached XP level 3. HP: 29/29 MP: 3/3
   739 | D:1      | 739 ||| UPGRADING to +0 leather armour.
   749 | D:1      | 749 ||| DROPPING +0 robe.
   750 | D:1      | 750 ||| READING scroll labelled SEAMOQ GUATEGU.
   751 | D:1      | 751 ||| READING scroll labelled ITINOAPIANO.
   752 | D:1      | 752 ||| READING scroll labelled PAIPUW HENAUGE RIRPH.
   753 | D:1      | 753 ||| READING scroll labelled ROM SOVOLYBB.
   754 | D:1      | 754 ||| DROPPING scroll of poison.
   798 | D:2      | Noticed Terence
   808 | D:2      | Killed Terence
   809 | D:2      | Reached skill level 4 in Ranged Weapons
   993 | D:2      | Found a faded altar of an unknown god.
  1108 | D:2      | You fall into a shaft and drop 1 floor!
  1259 | D:2      | Reached XP level 4. HP: 35/36 MP: 4/4
  1733 | D:3      | Found Ostruzxaf's Antique Weapon Shop.
  1736 | D:3      | 1736 ||| SHOPLISTING brightly glowing orcbow (272 gold,
                  | have 109).
  1749 | D:3      | HP: 1/36 [gnoll/+0 halberd (12)]
  1751 | D:3      | Slain by a gnoll

Levels and vault maps discovered:
D:1:      reono_arrival_forest_river, layout_basic, serial_shops,
          nicolae_shop_crystal
D:2:      layout_basic, shapermc_ecumenical_altar_mp_urbaneastern, uniq_terence
D:3:      layout_loops_corners, serial_shops, nicolae_shop_real_fake_doors,
          minmay_diced_spiral

Skill      XL: |  1  2  3 |
---------------+----------+-----
Ranged Weapons | 3 4 |  4.9
Fighting       | 2 |  2.0
Dodging        | |  2.1
Spellcasting   | |  1.0
Hexes          | |  2.0

Action                     |  1- 3 |  4- 6 || total
---------------------------+-------+-------++-------
   Fire: Sling             |    97 |    40 ||   137
    Use: Scroll            |     4 |       ||     4
 Armour: Robe              |     1 |       ||     1
         Leather armour    |       |     5 ||     5
  Dodge: Dodged            |    15 |    17 ||    32

Table legend:
 A = Non-vault XP
 B = Vault XP
 C = Vault XP percentage of total XP
 D = Non-vault monster count
 E = Vault monster count
 F = Vault count percentage of total count
                 A         B        C        D         E       F
            +---------+---------+-------+---------+---------+-------
      Total |      77 |      57 |  42.5 |      41 |       7 |  14.6
            +---------+---------+-------+---------+---------+-------
        D:1 |      42 |       0 |   0.0 |      25 |       0 |   0.0
        D:2 |      19 |      36 |  65.5 |      11 |       1 |   8.3
        D:3 |      16 |      21 |  56.8 |       5 |       6 |  54.5
            +---------+---------+-------+---------+---------+-------
